 Dungeon Crawl Stone Soup version 0.29.0-11-gd7f09526c8 (webtiles) character file.

Game seed: 4114947759544080861

196 concernfroge the Trooper (level 5, -5/46 HPs)
             Began as a Mummy Monk on Sept 5, 2022.
             Slain by a gnoll
             ... wielding a +0 whip
              (8 damage)
             ... on level 3 of the Dungeon.
             The game lasted 00:07:03 (2825 turns).

concernfroge the Trooper (Mummy Monk)               Turns: 2825, Time: 00:07:04

Health: -5/46      AC:  7    Str: 22    XL:     5   Next: 45%
Magic:  5/5        EV: 10    Int:  9    God:
Gold:   176        SH:  0    Dex: 15    Spells: 4/4 levels left

rFire   x . .      SeeInvis .   g - +0 whip (flame)
rCold   + . .      Faith    .   (no shield)
rNeg    + + +      Spirit   .   k - +0 scale mail
rPois   ∞          Reflect  .   e - +0 helmet
rElec   .          Harm     .   i - scarf {+Inv}
rCorr   .          Rampage  .   (no gloves)
Will    +....                   (no boots)
Stlth   +.........              (no amulet)
HPRegen 0.15/turn               d - ring of willpower
MPRegen 0.09/turn               h - +6 ring of strength

@: no status effects
A: cold resistance 1, negative energy resistance 3, torment resistance 2, heat
vulnerability 1, in touch with death 1, no potions
a: Evoke Invisibility


You were on level 3 of the Dungeon.
You visited 1 branch of the dungeon, and saw 4 of its levels.

You collected 176 gold pieces.

Inventory:

Hand Weapons
 g - a +0 whip of flaming (weapon)
Armour
 e - a +0 helmet (worn)
 i - a scarf of invisibility (worn)
 k - a +0 scale mail (worn)
Jewellery
 d - a ring of willpower (left hand)
 h - a +6 ring of strength (right hand)
Scrolls
 a - 2 scrolls of noise {unknown}
 b - 2 scrolls of teleportation {unknown}
 c - 4 scrolls of identify {unknown}
 j - a scroll of magic mapping {unknown}
 l - a scroll of enchant weapon {unknown}


   Skills:
 + Level 6.2 Fighting
 - Level 2.4 Polearms
 - Level 2.4 Dodging
 - Level 1.5 Stealth


You had 4 spell levels left.
You didn't know any spells.
Your spell library contained the following spells:

 Spells                   Type           Power      Damage    Failure   Level
 Dazzling Flash           Conj/Hex       0%         N/A       98%         3
 Iskenderun's Mystic Bla  Conj/Tloc      0%         2d3       100%        4
 Dispersal                Tloc           0%         N/A       100%        6
 Starburst                Conj/Fire      0%         6d3       100%        6
 Disjunction              Tloc           0%         N/A       100%        8


Dungeon Overview and Level Annotations

Branches:
Dungeon (4/15)
 Temple: D:4-7

Altars:


Innate Abilities, Weirdness & Mutations

You are immune to poison.
Your flesh is cold resistant. (rC+)
You are immune to negative energy. (rN+++)
You are immune to unholy pain and torment.
You are vulnerable to heat. (rF-)
You are in touch with the powers of death.
You do not drink.


Message History

The gnoll hits you with a +0 whip.
You are too injured to fight recklessly!
You are too injured to fight recklessly!
You aren't carrying any items that you can evoke.
Okay, then.
You hit the gnoll but do no damage.
The gnoll is heavily wounded.
The gnoll hits you with a +0 whip.
You hit the gnoll. You burn the gnoll.
The gnoll is severely wounded.
The gnoll hits you with a +0 whip.
You barely miss the gnoll.
The gnoll is severely wounded.
The gnoll barely misses you.
You closely miss the gnoll.
The gnoll is severely wounded.
The gnoll hits you with a +0 whip.
* * * LOW HITPOINT WARNING * * *
You barely miss the gnoll.
The gnoll is severely wounded.
The gnoll hits you but does no damage. The gnoll hits you with a +0 whip!
* * * LOW HITPOINT WARNING * * *
You hit the gnoll. You burn the gnoll.
The gnoll is almost dead.
The gnoll closely misses you.
You hit the gnoll but do no damage.
The gnoll is almost dead.
The gnoll barely misses you.
You barely miss the gnoll.
The gnoll is almost dead.
The gnoll hits you with a +0 whip.
* * * LOW HITPOINT WARNING * * *
You hit the gnoll but do no damage.
The gnoll is almost dead.
The gnoll hits you with a +0 whip.
* * * LOW HITPOINT WARNING * * *
You barely miss the gnoll.
The gnoll is almost dead.
The gnoll hits you with a +0 whip!
You die...

.....# #.............######.
.....# ####.......####.######.
###### #..........####......<.
####.######.#.†.....#####.
##....######.#####...# #.
#..#####.......###...#####.
#.##...).......##........##
#....###..g....##.#.####.##
###### #..@....!........... #####
##..........######.## #...#
#######.........#.#........
#...###...#..........#...>.......
#...##.................##........
#...#.......##.........####......
............##..............#....
............##..........##....##.
............##...<......#####.##.


You could see a gnoll.

Vanquished Creatures
  An orc priest (D:3)
  Natasha (thrice) (D:3)
  2 adders
  A gnoll (D:4)
  2 worms (D:2)
  5 orcs (D:3)
  3 bats
  3 endoplasms
  A giant cockroach (D:1)
  2 goblins
  6 hobgoblins
  6 jackals
  5 kobolds
  3 quokkas
  3 ball pythons (D:2)
  A frilled lizard (D:2)
  4 rats (D:3)
51 creatures vanquished.

Notes
Turn   | Place    | Note
-------+----------+-------------------------------------------
     0 | D:1      | concernfroge the Mummy Monk began the quest for the Orb.
     0 | D:1      | Reached XP level 1. HP: 18/18 MP: 1/1
   404 | D:1      | Reached XP level 2. HP: 21/24 MP: 2/2
   447 | D:1      | Found a faded altar of an unknown god.
  1107 | D:2      | Reached skill level 4 in Fighting
  1442 | D:2      | Gained mutation: You are in touch with the powers of death.
                  | [Mummy growth]
  1442 | D:2      | Reached XP level 3. HP: 28/30 MP: 3/3
  2084 | D:3      | Noticed Natasha
  2094 | D:3      | Killed Natasha
  2095 | D:3      | Reached skill level 5 in Fighting
  2095 | D:3      | Reached XP level 4. HP: 39/39 MP: 4/4
  2103 | D:3      | Noticed Natasha
  2113 | D:3      | Killed Natasha
  2140 | D:3      | Reached XP level 5. HP: 11/46 MP: 5/5
  2465 | D:3      | Noticed Natasha
  2472 | D:3      | Killed Natasha
  2473 | D:3      | Reached skill level 6 in Fighting
  2825 | D:3      | Slain by a gnoll

Illustrated notes

Levels and vault maps discovered:
D:1:      dpeg_arrival_rooms_c, layout_loops_cross,
          hellmonk_ecumenical_altar_arch_garden
D:2:      layout_basic
D:3:      layout_rooms, lemuel_tele_altar, uniq_natasha
D:4:      layout_loops_ring

Skill      XL: |  1  2  3  4  5 |
---------------+----------------+-----
Fighting       | 4 5 6 |  6.2
Polearms       | |  2.4
Dodging        | |  2.4
Stealth        | |  1.5

Action                   |  1- 3 |  4- 6 || total
-------------------------+-------+-------++-------
Melee: Spear             |    15 |       ||    15
       Whip              |   100 |    82 ||   182
Throw: Boomerang         |       |     5 ||     5
Evoke: Wand              |     1 |     5 ||     6
 Stab: Sleeping          |     1 |       ||     1
       Paralysed         |     4 |     9 ||    13
Armor: Leather armour    |     4 |       ||     4
       Ring mail         |     3 |       ||     3
       Scale mail        |    11 |    48 ||    59
Dodge: Dodged            |    54 |    41 ||    95
